 Dungeon Crawl Stone Soup version 0.29-a0-575-g0dc89cf053 (webtiles) character file.

Game seed: 9455042834347470895

101079 Johnny the Shatterer (level 15, -9/148 (149) HPs)
             Began as a Troll Berserker on June 13, 2022.
             Was a High Priest of Trog.
             Mangled by a sun demon (12 damage)
             ... summoned by an orc sorcerer
             ... on level 1 of the Orcish Mines.
             The game lasted 00:27:17 (20786 turns).

Johnny the Shatterer (Troll Berserker)             Turns: 20786, Time: 00:27:18

HP:   -9/148 (149)  AC: 16    Str: 38      XL:     15   Next: 82%
MP:   24/24         EV:  9    Int:  9 (10) God:    Trog [*****.]
Gold: 2034          SH:  0    Dex:  8 (9)  Spells: 14/14 levels left

rFire   . . .      SeeInvis .   p - +10 eveningstar of Sayzeg {drain, Drain Fly rCorr Str+3}
rCold   . . .      Faith    +   (no shield)
rNeg    . . .      Spirit   .   Q - +4 troll leather armour
rPois   +          Reflect  .   m - +3 hat of Pondering {ponderous, Will+ MP+10 Int+5}
rElec   .          Harm     .   H - +2 cloak {Will+}
rCorr   +          Rampage  .   (gloves unavailable)
Will    +++++                   (boots unavailable)
Stlth   +.........              y - amulet of faith
HPRegen 2.94/turn               g - ring of poison resistance
MPRegen 0.19/turn               h - +4 ring of slaying

@: strong-willed, flying, regenerating, lightly drained, unable to read, slow
A: large, unfitting armour, claws 3, regeneration 1, shaggy fur 1, tough skin 1,
horns 2, clever 1, [inability to read while threatened]
a: Renounce Religion, Berserk, Trog's Hand, Brothers in Arms


You were on level 1 of the Orcish Mines.
You worshipped Trog.
Trog was extremely pleased with you.
You visited 4 branches of the dungeon, and saw 23 of its levels.
You visited the Abyss 1 time.
You also visited: Bailey, Ice Cave and Volcano.

You collected 2034 gold pieces.

Inventory:

Hand Weapons
 f - a +3 giant spiked club of flaming
 l - the +8 trishula "Condemnation" {holy, anguish, *Noise Fly rN+}
   (You found it in an ice cave)

   It has been blessed by the Shining One to cause great damage to the undead
   and demons.
   It inflicts anguish, making its victims' attacks reflect back on them.
   rN:        It protects you from negative energy.
   Fly:       It grants you flight.
   *Noise:    It may make noises in combat.
 p - the +10 eveningstar of Sayzeg (weapon) {drain, Drain Fly rCorr Str+3}
   (You acquired it on level 11 of the Dungeon)

   A truly terrible weapon, it drains the life of any living foe it strikes.
   Str:       It affects your strength (+3).
   Fly:       It grants you flight.
   rCorr:     It protects you from acid and corrosion.
   Drain:     It drains your maximum health when unequipped.
 Z - a +8 antimagic giant club
Armour
 m - the +3 hat of Pondering (worn) {ponderous, Will+ MP+10 Int+5}
   (You took it off Gastronok on level 3 of the Lair of Beasts)

   Int:       It affects your intelligence (+5).
   MP:        It affects your magic capacity (+10).
   Will:      It increases your willpower.
 H - a +2 cloak of willpower (worn)
 Q - a +4 troll leather armour (worn)
Jewellery
 b - a +6 ring of intelligence
 g - a ring of poison resistance (left claw)
 h - a +4 ring of slaying (right claw)
 y - an amulet of faith (around neck)
 D - a ring of protection from cold
 E - a ring of see invisible
 M - an amulet of regeneration
 U - a +6 ring of strength
Wands
 A - a wand of charming (3)
 K - a wand of iceblast (11)
 V - a wand of acid (8)
 X - a wand of paralysis (4)
 Y - a wand of digging (7)
Scrolls
 a - a scroll of enchant armour
 d - 4 scrolls of summoning
 e - 4 scrolls of noise
 i - 3 scrolls of vulnerability
 k - 3 scrolls of silence
 n - 2 scrolls of poison
 t - 8 scrolls of fog
 u - 4 scrolls of immolation
 B - a scroll of blinking
 F - 2 scrolls of magic mapping
 G - 2 scrolls of brand weapon
 I - 5 scrolls of teleportation
 N - 2 scrolls of torment
 O - 3 scrolls of fear
 W - 2 scrolls of enchant weapon
Potions
 c - 3 potions of cancellation {unknown}
 j - 4 potions of resistance
 o - 3 potions of might
 q - 4 potions of attraction
 r - 6 potions of mutation
 s - a potion of heal wounds
 v - 4 potions of brilliance {unknown}
 w - 2 potions of haste
 x - 3 potions of magic {unknown}
 z - 2 potions of lignification {unknown}
 C - 6 potions of ambrosia
 J - 10 potions of curing
 L - 6 potions of berserk rage {unknown}
 R - 2 potions of invisibility {unknown}
 T - 5 potions of flight
Miscellaneous
 P - a condenser vane (inert)
 S - a box of beasts


   Skills:
 - Level 10.1 Fighting
 * Level 23.5 Maces & Flails
 - Level 2.4 Dodging


You had 14 spell levels left.
You didn't know any spells.
Your spell library contained the following spells:

 Spells                   Type           Power      Damage    Failure   Level
 Freeze                   Ice            0%         1d3       41%         1
 Frozen Ramparts          Ice            0%         1d2       78%         3
 Ignite Poison            Fire/Tmut/Pois 0%         N/A       78%         3
 Mephitic Cloud           Conj/Pois/Air  0%         N/A       78%         3
 Ozocubu's Armour         Ice            0%         N/A       78%         3
 Portal Projectile        Hex/Tloc       0%         N/A       78%         3
 Tukima's Dance           Hex            0%         N/A       78%         3
 Animate Dead             Necr           0%         N/A       99%         4
 Hailstorm                Conj/Ice       0%         3d3       99%         4
 Ice Form                 Ice/Tmut       0%         N/A       99%         4
 Blade Hands              Tmut           0%         N/A       100%        5
 Borgnjor's Vile Clutch   Necr/Erth      0%         N/A       100%        5
 Freezing Cloud           Conj/Ice/Air   0%         6-21      100%        5
 Metabolic Englaciation   Hex/Ice        0%         N/A       100%        5
 Death Channel            Necr           0%         N/A       100%        6
 Simulacrum               Ice/Necr       0%         N/A       100%        6


Dungeon Overview and Level Annotations

Branches:
Dungeon (15/15)            Temple (1/1) D:4            Lair (6/6) D:10
 Shoals (0/4) Lair:3        Snake (0/4) Lair:2        Slime (0/5) Lair:5
    Orc (1/2) D:10         Vaults (0/5) D:14         Depths (0/4) D:15
 Bailey (visited)           IceCv (visited)         Volcano (visited)

Altars:
Ashenzari
Dithmenos
Elyvilon
Fedhas
Kikubaaqudgha
Nemelex Xobeh
Sif Muna
Yredelemnul
Jiyva
Lugonu

Shops:
D:6 *   D:12 *   D:13 *

Portals:
Abyss: Lair:6


Innate Abilities, Weirdness & Mutations

You are too large for most types of armour.
You have claws for hands.
Your natural rate of healing is unusually fast.
You are covered in fur. (AC +1)
You have tough skin. (AC +1)
You have a pair of horns on your head.
Your mind is acute. (Int +2)
[You sometimes lose the ability to read scrolls when taking damage.]


Message History

Unknown command.
Unknown command.
You cannot read scrolls in your current state!
Unknown command.
The orc high priest utters an invocation to Beogh.
You cannot read scrolls in your current state!
Unknown command.
Your skin crawls.
You feel strong-willed. Something hits you. Something hits you!
* * * LOW HITPOINT WARNING * * *
You feel much better.
You hear some strange, mumbled words.
A shard of ice appears from out of thin air!
The shard of ice hits you!
Clouds of noxious fumes condense around you!
The condenser dries out!
Something hits you. The sun demon hits you!!
* * * LOW HITPOINT WARNING * * *
You are engulfed in flames!
* * * LOW HITPOINT WARNING * * *
Something hits you.
* * * LOW HITPOINT WARNING * * *
The orange demon is engulfed in noxious fumes.
The orange demon stings you but does no damage.
The orc high priest is engulfed in noxious fumes.
The orc high priest appears confused.
The orc high priest hits the orange demon with a +0 short sword.
You feel much better. The sun demon hits you!
* * * LOW HITPOINT WARNING * * *
You are engulfed in flames!
* * * LOW HITPOINT WARNING * * *
Something mumbles something.
Something hits you!
* * * LOW HITPOINT WARNING * * *
The orange demon is engulfed in noxious fumes.
The orange demon appears confused.
The orange demon barely misses something.
The orange demon hits something but does no damage.
The sun demon hits you!
You die...

##<..#.## ....$.
#.##.....####......
#...$....####.......
##.##.#...#..e.....
#.#..#...$........
.............##
......$....#.## #
$.......###.)## ...
.......§§@###.)#To)..
.....#3{#.)).ooo...
....##§§4..4o.4.o..
.... ##§#o..##o....
.. #.#§#.# #....
.....## #.#. .#.....
## .......##
...#...##


You could see an orc high priest (confused), a sun demon (summoned) and an
orange demon (summoned, confused).

Vanquished Creatures
  Rupert (D:13)
  Frances (D:14)
  Gastronok (Lair:3)
  Agnes (D:14)
  A reaper (Abyss:2)
  Snorg (Lair:3)
  An ettin (D:15)
  Josephine (D:11)
  The ghost of ohados the Thaumaturge, a journeyman TeAE of Vehumet (Lair:3)
  3 vault guards (D:14)
  An ice dragon (D:12)
  Erolcha (D:13)
  7 hydras
  3 boulder beetles
  A centaur warrior (D:13)
  2 two-headed ogres
  2 ironbound frosthearts (IceCv)
  2 tengu warriors (D:12)
  2 thrashing horrors (Lair:6)
  The ghost of Apymp the Unseen, a journeyman SpEn of Dithmenos (D:12)
  17 death yaks
  Nergalle (Lair:3)
  Sonja (D:11)
  A deep elf knight (D:14)
  A spatial maelstrom (Abyss:1)
  2 wretched stars
  2 skeletal warriors (Volcano)
  A deep troll (D:15)
  4 orc knights
  2 anaconda skeletons (Volcano)
  A necromancer (D:15)
  The ghost of goozler the Thaumaturge, a novice DEWz (D:7)
  4 deep elf pyromancers
  5 slime creatures (D:12)
  2 ugly things (Lair:6)
  2 orc sorcerers (Orc:1)
  3 cyclopes
  A worldbinder (Abyss:1)
  A guardian serpent (shapeshifter) (Lair:6)
  2 manticores
  3 elephants (Lair:5)
  An ice statue (IceCv)
  Joseph (D:8)
  A torpor snail (Lair:4)
  4 black mambas
  A guardian serpent (Lair:2)
  16 cane toads
  4 smoke demons
  Maggie (D:8)
  3 gargoyles (Volcano)
  A cane toad (shapeshifter) (Lair:6)
  An unseen horror (D:13)
  Psyche (D:11)
  A dire elephant skeleton (Abyss:1)
  10 komodo dragons
  4 kobold demonologists
  2 rime drakes (Lair:6)
  3 tengu conjurers
  2 ice devils (Lair:4)
  2 ancient zymes
  A queen bee (shapeshifter) (Lair:6)
  A queen bee (Lair:1)
  6 trolls
  Prince Ribbit (D:8)
  15 polar bears
  21 blink frogs
  5 raiju
  3 starcursed masses (Abyss:1)
  8 large abominations
  A spriggan (Lair:6)
  An alligator skeleton (Volcano)
  2 ynoxinuls
  Sigmund (D:3)
  73 yaks
  2 shadows
  3 flying skulls (Volcano)
  5 wraiths
  7 wyverns
  Grum (D:11)
  4 basilisks
  3 fire bats (Lair:2)
  3 chaos spawn
  A spatial vortex (Abyss:1)
  6 vampire mosquitoes
  A warg (Orc:1)
  A naga zombie (Abyss:1)
  14 water moccasins
  A hornet zombie (D:7)
  A sky beast (D:5)
  19 orc warriors
  4 ice beasts (D:7)
  2 black bears
  15 small abominations
  44 wolves
  3 ogres
  11 centaurs
  A phantom (D:7)
  2 kobold brigands
  Blork the orc (D:4)
  3 scorpions
  15 bullfrogs
  A water moccasin zombie (D:7)
  6 wights
  A hornet simulacrum (D:7)
  15 killer bees (Lair:1)
  2 troll skeletons (Volcano)
  8 electric eels (Bailey)
  A bullfrog zombie (D:7)
  2 quasits (Abyss:1)
  2 jellies
  A gnoll shaman (D:9)
  14 orc priests
  4 hounds
  2 iguanas
  13 orc wizards
  5 hell rats (Lair:6)
  4 killer bee zombies (D:7)
  2 centaur simulacra
  A killer bee simulacrum (D:7)
  A howler monkey zombie (D:7)
  Robin (D:4)
  7 gnolls
  7 adders
  A shadow imp (D:7)
  4 white imps (D:7)
  2 ufetubi
  A worm (D:3)
  2 dart slugs
  90 orcs
  10 bats
  6 endoplasms
  4 giant cockroaches
  24 goblins
  12 hobgoblins
  4 jackals (D:1)
  14 kobolds
  2 quokkas
  8 ball pythons
  5 frilled lizards
  5 rats
  A starspawn tentacle (Abyss:2)
757 creatures vanquished.

Vanquished Creatures (collateral kills)
  A tentacled starspawn (Abyss:2)
  A tengu warrior (D:15)
  A thrashing horror (Abyss:2)
  A sixfirhy (Abyss:2)
  A glowing orange brain (Abyss:2)
  A wretched star (Abyss:2)
  A yaktaur (D:15)
  A spriggan (Lair:6)
  2 gnolls (D:4)
  An orc (D:15)
  A hobgoblin (D:4)
  A starspawn tentacle (Abyss:2)
13 creatures vanquished.

Vanquished Creatures (others)
  Menkaure (D:4)
  10 fungi
  A lurking horror (Abyss:1)
  19 plants
31 creatures vanquished.

Grand Total: 801 creatures vanquished

Notes
Turn   | Place    | Note
-------+----------+-------------------------------------------
     0 | D:1      | Johnny the Troll Berserker began the quest for the Orb.
     0 | D:1      | Reached XP level 1. HP: 22/22 MP: 0/0
   194 | D:1      | Reached skill level 3 in Maces & Flails
   250 | D:1      | Reached XP level 2. HP: 29/29 MP: 1/1
   250 | D:1      | Found a faded altar of an unknown god.
   490 | D:1      | Reached ** piety under Trog
   832 | D:1      | Reached XP level 3. HP: 36/36 MP: 2/2
  1737 | D:2      | Found a broken altar of Ashenzari.
  1893 | D:3      | Noticed Sigmund
  1908 | D:3      | Killed Sigmund
  1909 | D:3      | Reached skill level 5 in Maces & Flails
  1909 | D:3      | Reached XP level 4. HP: 42/45 MP: 3/3
  1909 | D:3      | Reached XP level 5. HP: 49/53 MP: 4/4
  1932 | D:3      | Found a blossoming altar of Fedhas.
  2306 | D:4      | Found a staircase to the Ecumenical Temple.
  2356 | D:4      | Reached XP level 6. HP: 62/62 MP: 5/5
  2579 | D:4      | Found a broken altar of Ashenzari.
  2582 | D:4      | Found a white marble altar of Elyvilon.
  2627 | D:4      | Noticed Blork the orc
  2637 | D:4      | Killed Blork the orc
  2638 | D:4      | Reached skill level 6 in Maces & Flails
  2748 | D:4      | Noticed Robin
  2757 | D:4      | Gained mutation: You have a pair of small horns on your
                  | head. [potion of mutation]
  2757 | D:4      | Gained mutation: You have a pair of horns on your head.
                  | [potion of mutation]
  2757 | D:4      | Gained mutation: Your mind is acute. (Int +2) [potion of
                  | mutation]
  2765 | D:4      | Killed Robin
  2798 | D:4      | Noticed Menkaure
  2821 | D:4      | Reached XP level 7. HP: 45/70 MP: 6/6
  2821 | D:4      | Your ally Menkaure died
  3231 | D:4      | Reached *** piety under Trog
  3329 | Temple   | Entered the Ecumenical Temple
  3345 | D:5      | Entered Level 5 of the Dungeon
  3462 | D:5      | Reached skill level 7 in Maces & Flails
  3627 | D:5      | Found a shimmering blue altar of Sif Muna.
  3689 | D:5      | Reached skill level 5 in Fighting
  4012 | D:5      | Reached XP level 8. HP: 67/80 MP: 7/7
  4334 | D:5      | Reached skill level 8 in Maces & Flails
  4889 | D:6      | Reached skill level 9 in Maces & Flails
  4936 | D:6      | Found a sparkling altar of Nemelex Xobeh.
  5322 | D:6      | Found Xaneg's CLEARANCE SALE!.
  5358 | D:7      | Found a runed translucent gate.
  5358 | D:7      | Found a runed translucent gate.
  5358 | D:7      | Found a runed translucent gate.
  5386 | D:7      | Reached XP level 9. HP: 89/89 MP: 8/8
  5416 | D:7      | Noticed goozler's ghost (novice DEWz)
  5531 | D:7      | Noticed a two-headed ogre
  5540 | D:7      | Killed a two-headed ogre
  5541 | D:7      | Reached skill level 10 in Maces & Flails
  5863 | D:7      | Identified the +0 robe of Dogma {Harm Rampage rPois Will-}
  6106 | D:7      | Found a basalt altar of Yredelemnul.
  6281 | D:7      | Reached **** piety under Trog
  6282 | D:7      | Reached skill level 11 in Maces & Flails
  6318 | D:7      | Killed goozler's ghost
  6319 | D:7      | Reached XP level 10. HP: 102/102 MP: 9/9
  6331 | D:7      | Got the ring of Nedwy {Fire Str+3 Int+2 Dex-4}
  6368 | D:8      | Noticed Maggie
  6378 | D:8      | Killed Maggie
  6401 | D:8      | Noticed Joseph
  6497 | D:8      | Killed Joseph
  6968 | D:8      | Noticed Prince Ribbit
  6981 | D:8      | Killed Prince Ribbit
  7095 | D:8      | Found a shadowy altar of Dithmenos.
  7542 | D:9      | Reached skill level 12 in Maces & Flails
  7758 | D:9      | Noticed a two-headed ogre
  7766 | D:9      | Killed a two-headed ogre
  7767 | D:9      | Reached skill level 13 in Maces & Flails
  7767 | D:9      | Reached XP level 11. HP: 62/113 MP: 10/10
  8287 | D:10     | Entered Level 10 of the Dungeon
  8380 | D:10     | Reached ***** piety under Trog
  8392 | D:10     | Found a staircase to the Orcish Mines.
  8435 | D:10     | Found a flagged portal.
  8444 | Bailey   | Entered a bailey
  8607 | Bailey   | Noticed an orc knight
  8622 | Bailey   | Killed an orc knight
  8626 | Bailey   | Received a gift from Trog
  8671 | Bailey   | Found an iron altar of Okawaru.
  8753 | Bailey   | Identified the +1 mace of Pyestuut {antimagic, Dex+2}
  9231 | D:10     | Reached skill level 14 in Maces & Flails
  9399 | D:10     | Found a staircase to the Lair.
  9428 | D:10     | Found an ancient bone altar of Kikubaaqudgha.
 10105 | D:11     | Noticed an eight-headed hydra
 10115 | D:11     | Killed an eight-headed hydra
 10207 | D:11     | Noticed Psyche
 10217 | D:11     | Killed Psyche
 10218 | D:11     | Noticed Grum
 10249 | D:11     | Killed Grum
 10270 | D:11     | Received a gift from Trog
 10286 | D:11     | Acquired the +10 eveningstar of Sayzeg {drain, Drain Fly
                  | rCorr Str+3}
 10332 | D:11     | Noticed Sonja
 10379 | D:11     | Killed Sonja
 10467 | D:11     | Noticed Josephine
 10470 | D:11     | Reached skill level 10 in Fighting
 10470 | D:11     | Reached XP level 12. HP: 113/126 MP: 11/11
 10479 | D:11     | Killed Josephine
 10480 | D:11     | Reached skill level 15 in Maces & Flails
 11084 | D:12     | Noticed an ice dragon
 11095 | D:12     | Killed an ice dragon
 11207 | D:12     | Noticed an eight-headed hydra
 11215 | D:12     | Killed an eight-headed hydra
 11260 | D:12     | Noticed an eight-headed hydra
 11266 | D:12     | Killed an eight-headed hydra
 11304 | D:12     | Found Lonal's Gadget Gallery.
 11430 | D:12     | Noticed a tengu warrior
 11431 | D:12     | Noticed a tengu warrior
 11438 | D:12     | Killed a tengu warrior
 11439 | D:12     | Reached skill level 16 in Maces & Flails
 11445 | D:12     | Killed a tengu warrior
 11503 | D:12     | Found a large runed translucent door.
 11503 | D:12     | Found a large runed translucent door.
 11507 | D:12     | Noticed Apymp's ghost (journeyman SpEn)
 11777 | D:12     | Killed Apymp's ghost
 11783 | D:12     | Identified the +8 short sword "Killer Bee's Curse" {vorpal,
                  | rC+ rCorr}
 11807 | D:13     | Noticed a seven-headed hydra
 11814 | D:13     | Killed a seven-headed hydra
 11876 | D:13     | Noticed a boulder beetle
 11884 | D:13     | Found Decvoeke's General Store.
 11889 | D:13     | Killed a boulder beetle
 11890 | D:13     | Noticed Erolcha
 11901 | D:13     | Killed Erolcha
 11902 | D:13     | Reached skill level 17 in Maces & Flails
 12301 | D:13     | Noticed a centaur warrior
 12307 | D:13     | Killed a centaur warrior
 12309 | D:13     | Reached XP level 13. HP: 99/133 MP: 12/12
 12565 | D:13     | Noticed Rupert
 12573 | D:13     | Killed Rupert
 12915 | D:14     | Noticed Frances
 12924 | D:14     | Killed Frances
 12939 | D:14     | Reached skill level 18 in Maces & Flails
 13521 | D:14     | Found a gate to the Vaults.
 13634 | D:14     | Noticed Agnes
 13638 | D:14     | Killed Agnes
 13763 | D:15     | Entered Level 15 of the Dungeon
 13771 | D:15     | Noticed an ettin
 13777 | D:15     | Killed an ettin
 13794 | D:14     | Reached skill level 19 in Maces & Flails
 13910 | D:15     | Found a staircase to the Depths.
 14058 | Lair:1   | Entered Level 1 of the Lair of Beasts
 14633 | Lair:2   | Found a staircase to the Snake Pit.
 14663 | Lair:2   | Found a dark tunnel.
 14672 | Volcano  | Entered a volcano
 14753 | Volcano  | Reached XP level 14. HP: 123/143 MP: 13/13
 15166 | Lair:2   | Reached skill level 20 in Maces & Flails
 15590 | Lair:3   | Noticed Nergalle
 15596 | Lair:3   | Killed Nergalle
 15596 | Lair:3   | Received a gift from Trog
 15597 | Lair:3   | Noticed Snorg
 15612 | Lair:3   | Killed Snorg
 15696 | Lair:3   | Found a staircase to the Shoals.
 15707 | Lair:3   | Noticed Gastronok
 15718 | Lair:3   | Killed Gastronok
 15976 | Lair:3   | Found a runed translucent gate.
 15976 | Lair:3   | Found a runed translucent gate.
 15976 | Lair:3   | Found a runed translucent gate.
 15977 | Lair:3   | Noticed ohados's ghost (journeyman TeAE)
 15997 | Lair:3   | Reached skill level 21 in Maces & Flails
 16249 | Lair:3   | Killed ohados's ghost
 16539 | Lair:4   | Received a gift from Trog
 16582 | Lair:4   | Found a frozen archway.
 16598 | IceCv    | Entered an ice cave
 17059 | IceCv    | Reached ****** piety under Trog
 17065 | IceCv    | Reached XP level 15. HP: 146/149 MP: 14/14
 17102 | IceCv    | Reached skill level 22 in Maces & Flails
 17143 | IceCv    | Found the +8 trishula "Condemnation" {holy, anguish, *Noise
                  | Fly rN+}
 17764 | Lair:4   | Received a gift from Trog
 17974 | Lair:5   | Found a viscous altar of Jiyva.
 17974 | Lair:5   | Found a staircase to the Slime Pits.
 18691 | Lair:6   | Entered Level 6 of the Lair of Beasts
 18924 | Lair:6   | Received a gift from Trog
 19100 | Lair:6   | Reached skill level 23 in Maces & Flails
 19749 | Lair:6   | Cast into level 1 of the Abyss (spriggan)
 20094 | Abyss:1  | Paralysed by accursed screaming for 1 turns
 20100 | Abyss:1  | Paralysed by accursed screaming for 1 turns
 20417 | Abyss:2  | Noticed a tentacled starspawn
 20427 | Abyss:2  | Killed a tentacled starspawn
 20440 | Lair:6   | Escaped the Abyss
 20521 | Lair:6   | Found a corrupted altar of Lugonu.
 20521 | Lair:6   | Found a one-way gate to the infinite horrors of the Abyss.
 20732 | Orc:1    | Entered Level 1 of the Orcish Mines
 20776 | Orc:1    | Noticed an orc warlord
 20779 | Orc:1    | Identified the +4 scimitar of Imminent Death {vorpal,
                  | Fragile Str+4}
 20786 | Orc:1    | HP: 3/148 [something (11)]
 20786 | Orc:1    | Mangled by a sun demon

Illustrated notes

Levels and vault maps discovered:
D:1:      shiori_arrival_elements, layout_loops_corners,
          shapermc_ecumenical_altar_ellora
D:2:      layout_loops_corners, basic_altar, minmay_tall_x
D:3:      layout_rooms, fedhas_altar_3, nrook_campfire, uniq_sigmund
D:4:      layout_cave_pods, nicolae_overflow_hidden_temple,
          minmay_temple_entry_sparse_star, portal_sewer_entry_d,
          minmay_close_crescents, uniq_menkaure, uniq_robin, uniq_blork_the_orc
D:5:      layout_cave_pods, kennysheep_little_box,
          nicolae_elevator_lobby_asterisk
D:6:      layout_basic, mainiacjoe_overflow_brackets, nicolae_shop_clearance
D:7:      layout_loops_ring, nicolae_yredelemnul_corpse_copse,
          gammafunk_ghost_icy
D:8:      layout_basic, kennysheep_mini_moat, serial_bayou_crossing,
          uniq_maggie, uniq_prince_ribbit1, uniq_joseph
D:9:      layout_long_grid
D:10:     layout_long_grid, mainiacjoe_overflow_cross_hatched, lair_entry_dummy,
          hiddenorc2_lemuel, enter_bailey_2, nicolae_two_hexagons
D:11:     layout_basic, uniq_psyche, uniq_sonja, uniq_josephine, uniq_grum
D:12:     dragon1_lemuel, layout_cave_pools, ebering_ghost_disaster_area,
          dreamdust_wishing_well, nicolae_shop_gadgets
D:13:     layout_stronghold, serial_shops, nicolae_diamond_shop, uniq_erolcha,
          uniq_rupert
D:14:     layout_basic, grunt_vaults_entry_fortified, skrybe_limestone_x,
          uniq_agnes, uniq_frances
D:15:     hangedman_depths_entry_civil_slaughter, layout_rooms
Temple:   nicolae_temple_god_jail
Lair:1:   layout_roguey, special_room [special_room_bee]
Lair:2:   layout_small_grid, minmay_snake_entry_spellcaster,
          nicolae_volcano_entry_batcave
Lair:3:   layout_misc_corridors, shoals_dummy_entry, gammafunk_ghost_hydra_chop,
          grunt_megastairs_3, uniq_snorg, uniq_gastronok, uniq_nergalle
Lair:4:   layout_gridlike, portal_ice_cave_demonic_guard,
          chequers_serial_rivers_room_a
Lair:5:   layout_hall_layers, slime_altar_1, grunt_megastairs_4,
          lemuel_fruit_tree
Lair:6:   hellmonk_lair_end_abyssal_woods, layout_regular_city
Orc:1:    emtedronai_trogs_sanctum, layout_caves, elf_legates

Skill      XL: |  1  2  3  4  5  6  7  8  9 10 11 12 13 14 15 |
---------------+----------------------------------------------+-----
Maces & Flails | 3 5 6 7 9 11 13 14 17 19 21 23 | 23.5
Fighting       | 3 4 5 6 7 8 10 | 10.1
Dodging        | |  2.4

Action                   |  1- 3 |  4- 6 |  7- 9 | 10-12 | 13-15 || total
-------------------------+-------+-------+-------+-------+-------++-------
Melee: Mace              |   148 |    22 |   160 |       |       ||   330
       Punch             |     1 |     1 |     2 |     9 |    15 ||    28
       Scythe            |       |   101 |       |       |       ||   101
       Headbutt          |       |     1 |    52 |   117 |   196 ||   366
       Flail             |       |       |   119 |   479 |       ||   598
       Eveningstar       |       |       |       |   155 |   916 ||  1071
Invok: Trog's Hand       |     1 |     3 |     3 |    11 |    10 ||    28
       Berserk           |     1 |     3 |    17 |    16 |    12 ||    49
       Brothers in Arms  |       |       |       |       |     4 ||     4
Evoke: Wand              |       |     9 |    17 |    25 |    15 ||    66
       Condenser vane    |       |       |       |     1 |     1 ||     2
  Use: Potion            |       |     3 |       |       |     8 ||    11
       Scroll            |       |       |    11 |     6 |    13 ||    30
 Stab: Sleeping          |     2 |       |       |       |       ||     2
       Distracted        |       |       |       |       |     2 ||     2
Armor: Animal skin       |    66 |    81 |   105 |     2 |       ||   254
       Steam dragon scal |       |       |       |   157 |       ||   157
       Troll leather arm |       |       |       |   135 |   406 ||   541
Dodge: Dodged            |    91 |   129 |   140 |   253 |   317 ||   930

Table legend: (Time is in decaauts)
 A = Elapsed time spent in this place.
 B = Non-inter-level travel time spent in this place.
 C = Inter-level travel time spent in this place.
 D = Time resting spent in this place.
 E = Time spent auto-exploring this place.
 F = Levels seen in this place.
 G = Mean time per level.
                   A        B        C        D        E       F      G
               +--------+--------+--------+--------+--------+-----+--------+
         Total |  21262 |  20346 |    916 |   1457 |  14366 |  28 |  759.4 |
       Dungeon |  13642 |  12949 |    693 |    934 |   9300 |  15 |  909.5 |
        Temple |      1 |      1 |      0 |      0 |      0 |   1 |    1.0 |
          Lair |   4895 |   4673 |    222 |    240 |   3490 |   6 |  815.8 |
  Orcish Mines |     51 |     51 |      0 |      0 |     23 |   1 |   51.0 |
         Abyss |    711 |    711 |      0 |     55 |    457 |   2 |  355.5 |
        Bailey |    780 |    780 |      0 |     96 |    452 |   1 |  780.0 |
      Ice Cave |    844 |    844 |      0 |    100 |    442 |   1 |  844.0 |
       Volcano |    335 |    335 |      0 |     30 |    200 |   1 |  335.0 |
               +--------+--------+--------+--------+--------+-----+--------+

Top non-repeatable levels by time:
  Lair:6: 1273 daAuts
     D:5: 1145 daAuts
     D:4: 1129 daAuts
     D:7: 1121 daAuts
     D:1: 1088 daAuts
     D:8: 1071 daAuts
    D:11: 1070 daAuts
    D:13: 1068 daAuts
    D:14: 1030 daAuts
     D:6: 960 daAuts
    D:10: 919 daAuts
  Lair:4: 910 daAuts
   IceCv: 844 daAuts
    D:12: 829 daAuts
     D:2: 828 daAuts
